 Dungeon Crawl Stone Soup version 0.30.1-4-g462c640d31 (webtiles) character file.

Game seed: 7723785324409572869

158 Kranky the Shield-Bearer (level 5, -1/41 HPs)
             Began as a Formicid Wanderer on Sept 8, 2023.
             Killed by divine providence
             ... invoked by an orc priest
              (16 damage)
             ... on level 3 of the Dungeon.
             The game lasted 00:03:13 (2221 turns).

Kranky the Shield-Bearer (Formicid Wanderer)        Turns: 2221, Time: 00:03:14

Health: -1/41      AC:  6    Str: 18    XL:     5   Next: 66%
Magic:  6/6        EV: 10    Int: 11    God:
Gold:   119        SH:  6    Dex: 14    Spells: 5/6 levels left

rFire   . . .        q - +2 dagger (flame)
rCold   . . .        c - +0 buckler {AC+3}
rNeg    . . .        e - +0 leather armour
rPois   .            (helmet unavailable)
rElec   .            (no cloak)
rCorr   .            (no gloves)
SInv    +            (no boots)
Will    .....        (no amulet)
Stlth   +            (no ring)
HPRegen 0.26/turn    (no ring)
MPRegen 0.10/turn

%: no passive effects
@: no status effects
A: permanent stasis, dig shafts and tunnels, antennae 3, four strong arms
a: Dig, Shaft Self


You were on level 3 of the Dungeon.
You visited 1 branch of the dungeon, and saw 3 of its levels.

You collected 119 gold pieces.

Inventory:

Hand Weapons
 a - a +0 dagger
 q - a +2 dagger of flaming (weapon)
Missiles
 b - 18 poisoned darts (quivered)
Armour
 c - a +0 buckler of protection (worn)
 e - a +0 leather armour (worn)
Jewellery
 k - an amulet of magic regeneration
 r - a ring of poison resistance
Scrolls
 d - a scroll of fear
 f - 2 scrolls of poison {unknown}
 g - 2 scrolls of teleportation {unknown}
 i - 3 scrolls of noise {unknown}
 l - a scroll of magic mapping {unknown}
 m - a scroll of brand weapon {unknown}
 n - a scroll of amnesia {unknown}
 s - 4 scrolls of identify {unknown}
 u - a scroll of silence {unknown}
Potions
 h - a potion of might {unknown}
 j - a potion of heal wounds {unknown}
 o - a potion of attraction {unknown}
 p - a potion of flight {unknown}
 t - 3 potions of curing {unknown}
 v - a potion of ambrosia {unknown}


   Skills:
 + Level 3.0 Fighting
 - Level 1.0 Throwing
 + Level 2.9 Armour
 + Level 7.6 Shields
 - Level 1.1 Spellcasting
 - Level 2.0 Fire Magic
 - Level 1.1 Evocations


You had 5 spell levels left.
You knew the following spells:

 Your Spells              Type           Power      Damage    Failure   Level
a - Foxfire               Conj/Fire      8%         2x1d4     30%         1

Your spell library contained the following spells:

 Spells                   Type           Power      Damage    Failure   Level
 Freeze                   Ice            0%         1d3       43%         1
 Inner Flame              Hex/Fire       2%         N/A       67%         3
 Frozen Ramparts          Ice            0%         1d1       80%         3
 Hailstorm                Conj/Ice       0%         3d3       80%         3


Dungeon Overview and Level Annotations

Branches:
Dungeon (3/15)

Altars:
Gozag

Shops:
D:1 =


Innate Abilities, Weirdness & Mutations

You cannot be hasted, slowed, berserked, paralysed or teleported.
You can dig through walls and to a lower floor.
You have a pair of large antennae on your head. (SInv)
Your four strong arms can wield two-handed weapons with a shield.


Message History

The orc hits you but does no damage.
You hit the orc. You burn the orc.
The orc is almost dead.
You block the orc's attack.
You hit the orc. You burn the orc.
You kill the orc!
You hit the orc. You burn the orc.
The orc is severely wounded.
The orc hits you but does no damage.
You hit the orc. You burn the orc.
You kill the orc!
You hit the ball python but do no damage.
The ball python bites you but does no damage.
The ball python grabs you. The ball python constricts you.
The ball python bites you.
* * * LOW HITPOINT WARNING * * *
The ball python constricts you.
You hit the ball python. You burn the ball python.
The ball python is heavily wounded.
You block the ball python's attack. The ball python constricts you.
You hit the ball python. You burn the ball python.
You kill the ball python!
You hit the orc but do no damage. The orc hits you but does no damage.
You hit the orc but do no damage. You block the orc's attack.
The orc closely misses you.
You barely miss the orc. The orc misses you.
You hit the orc. You burn the orc.
The orc is severely wounded.
The orc closely misses you.
You hit the orc. You burn the orc.
You kill the orc!
Your Fighting skill increases to level 3!
You hit the orc priest. You burn the orc priest.
The orc priest is moderately wounded.
The orc priest closely misses you.
You closely miss the orc priest.
The orc priest is moderately wounded.
The orc priest calls down the wrath of Beogh upon you.
Beogh smites you!
You die...

#. ####### #..... # #.
#.....# #... # #.##.
#.....#### #.#### ...
#........###..... #$####
#.............### #.)..#
#.....##.#......#
####.#######.##.#[.#.#.#
#.#o## #†##......#.#
#..#@## #.####..#.# #
#.###.###.####......
##.#.###........#.###
##.## #.#####.##.# .
#.####.#####.## # .
#..............
######.#####.##
#.#####.# #.......#


You could see an orc priest.

Vanquished Creatures
  An orc wizard (D:3)
  8 adders
  3 worms (D:2)
  3 dart slugs
  4 orcs (D:3)
  5 ball pythons
  5 bats
  2 endoplasms (D:1)
  4 giant cockroaches
  A goblin (D:1)
  2 hobgoblins
  A quokka (D:3)
  2 frilled lizards
  5 kobolds
  A rat (D:1)
47 creatures vanquished.

Notes
Turn   | Place    | Note
-------+----------+-------------------------------------------
     0 | D:1      | Kranky the Formicid Wanderer began the quest for the Orb.
     0 | D:1      | Kranky set off with the following items: a +0 dagger, 12
                  | poisoned darts, a +0 buckler of protection, a scroll of
                  | fear, a +0 leather armour; and the following spell
                  | memorised: Foxfire; and the following spells available to
                  | memorise: Inner Flame.
     0 | D:1      | Reached XP level 1. HP: 13/13 MP: 2/2
   197 | D:1      | Reached XP level 2. HP: 20/20 MP: 3/3
   342 | D:1      | Reached skill level 1 in Fighting
   403 | D:1      | Reached skill level 1 in Armour
   454 | D:1      | Found Fegi's Jewellery Shop.
  1039 | D:2      | Reached XP level 3. HP: 26/26 MP: 4/4
  1073 | D:1      | Reached skill level 7 in Shields
  1197 | D:2      | Reached XP level 4. HP: 22/33 MP: 5/5
  1280 | D:2      | Found an opulent altar of Gozag.
  2044 | D:3      | Reached XP level 5. HP: 35/39 MP: 6/6
  2221 | D:3      | Killed from afar by an orc priest

Illustrated notes

Levels and vault maps discovered:
D:1:      minmay_arrival_checkered_box, layout_loops_ring, serial_shops, shop,
          minmay_tripent
D:2:      layout_loops_cross, serial_forest, infiniplex_forest_end_3,
          infiniplex_forest_straight_2, infiniplex_forest_end_1,
          infiniplex_forest_clump_diagonal, infiniplex_forest_straight_5,
          infiniplex_forest_lined_3, infiniplex_forest_end_2,
          infiniplex_forest_clump_large, infiniplex_forest_clump_cross,
          basic_altar, hangedman_decor_peaks_small
D:3:      layout_loops_cross

Skill      XL: |  1  2  3  4  5 |
---------------+----------------+-----
Fighting       | 1 2 3 |  3.0
Armour         | 1 2 |  2.9
Shields        | 7 |  7.6
Throwing       | |  1.0
Spellcasting   | |  1.1
Fire Magic     | |  2.0
Evocations     | |  1.1

Action                     |  1- 3 |  4- 6 || total
---------------------------+-------+-------++-------
  Melee: Dagger            |   163 |   144 ||   307
 Armour: Leather armour    |    64 |    47 ||   111
  Dodge: Dodged            |    77 |    52 ||   129
  Block: Buckler           |    41 |    43 ||    84
